Connexion

COLUMBUS Blue Jackets vs EDMONTON Oilers

Created - 6 janvier 2024 at 07:05

Goals
1 2 3 T
COLUMBUS Blue Jackets 1 3 0 4
EDMONTON Oilers 2 3 0 5
Shots
1 2 3 T
COLUMBUS Blue Jackets 7 16 9 32
EDMONTON Oilers 10 14 8 32

GoalsPenalties
1st period
1. EDMONTON Oilers , Oliver Ekman-Larsson 12 (Clayton Keller 30, Mitch Marner 26) at 1:07
2. EDMONTON Oilers , Mitch Marner 20 (Rasmus Sandin 15, Nico Hischier 31) at 6:00 (PP)
3. COLUMBUS Blue Jackets , Artturi Lehkonen 12 (Nino Niederreiter 17, William Lagesson 14) at 13:07
John Marino (CLB) for High sticking (Minor) at 4:42
2nd period
4. COLUMBUS Blue Jackets , Justin Danforth 7 (Yan Gourde 17, Sven Baertschi 17) at 1:39
5. COLUMBUS Blue Jackets , Tyler Johnson 26 (Pierre-luc Dubois 37, Will Borgen 2) at 5:28
6. EDMONTON Oilers , Clayton Keller 26 (Nico Hischier 32, Mitch Marner 27) at 10:01 (PP)
7. COLUMBUS Blue Jackets , Jack Roslovic 31 (William Lagesson 15, Pierre-luc Dubois 38) at 11:17
8. EDMONTON Oilers , Nico Hischier 26 (Clayton Keller 31, Oliver Ekman-Larsson 36) at 12:33
9. EDMONTON Oilers , Roman Josi 15 (Nikolaj Ehlers 38) at 13:01 (PP)
Pierre-luc Dubois (CLB) for Roughing (Minor) at 8:40
Dante Fabbro (CLB) for Slashing (Minor) at 12:47
Jonas Siegenthaler (EDM) for Close Hand On Puck (Minor) at 17:15
3rd period
No Goal
Nikolaj Ehlers (EDM) for Boarding (Minor) at 10:45
Goalie Stats
Vitek Vanecek (CLB), 27 saves from 32 shots - (0,844), L, 28-13-5, 59:24 minutes
Juuse Saros (EDM), 28 saves from 32 shots - (0,875), W, 26-13-6, 60:00 minutes
3 StarsOfficial
1 - Oliver Ekman-Larsson (EDM)
2 - Nico Hischier (EDM)
3 - Clayton Keller (EDM)
Referees : Tom Kowal and Steve Kozari
Linesman : Pierre Champoux and Steve Barton
Game Note
No Game Note
Finance
Level 1 -- Attendance: 6000 (100,00%) -- Ticket Income $720,000
Level 2 -- Attendance: 3839 (100,00%) -- Ticket Income $391,578
Level 3 -- Attendance: 1999 (99,95%) -- Ticket Income $101,949
Level 4 -- Attendance: 3115 (77,88%) -- Ticket Income $124,600
Luxury Box -- Attendance: 948 (94,80%) -- Ticket Income $227,520
Game was played at the Rexall Place.
Total Attendance: 15901 (94,43%)
Total Ticket Income: $1,565,647
Other Income: $313,129
Total Income: $1,878,776



Team Name Goals Shots Shots Attemp Shots Blocked PIM HIT PP PK FO%
COLUMBUS Blue Jackets 4327366310 / 2 (0%)351%
EDMONTON Oilers 53253124273 / 3 (100%)049%

COLUMBUS Blue Jackets
Player Name POS G A P +/- PIM HIT SHT SB MP PP MP PP SHT PK MP PK SHT FO% FOT
Artturi LehkonenLW/RW1011016017:371:3200:0000% 1
Bo HorvatC0001023018:091:3200:32053% 19
Carson SoucyD0001061220:451:3211:1900% 0
Colin BlackwellC/LW/RW000000308:511:3200:46055% 11
Dante FabbroD000-1202123:172:2611:2000% 0
Jack RoslovicC/RW1010013022:532:2601:53050% 2
John MarinoD000-1241022:452:2600:4800% 0
Jordan GrossD0002000116:430:0001:0000% 0
Justin DanforthRW1011012011:570:0000:0000% 1
Nick PaulLW000004006:330:0000:0000% 0
Nino NiederreiterLW/RW0111013017:080:0001:0300% 0
Pierre-luc DuboisC/LW0220251021:592:2601:00054% 26
Rudolfs BalcersLW/RW000000106:330:0000:0000% 0
Sven BaertschiLW0111000011:570:0000:0000% 2
Tyler JohnsonC/LW/RW1010033021:322:2600:32060% 5
Will BorgenD0112011115:430:0000:0000% 0
William LagessonD0221011120:451:3201:1900% 0
Yan GourdeC/LW/RW0111011011:570:0000:00050% 16
EDMONTON Oilers
Player Name POS G A P +/- PIM HIT SHT SB MP PP MP PP SHT PK MP PK SHT FO% FOT
Alexander RomanovD000-2030115:140:0000:5300% 0
Anthony CirelliC000-1031013:380:0001:53040% 15
Arthur KaliyevRW0000042019:091:5700:00050% 2
Casey CizikasC000000104:570:0000:0000% 1
Clayton KellerC/LW/RW123-1016021:100:5630:5900% 1
Dylan StromeC000-1013013:380:0001:5300% 0
Jack QuinnRW000-1010011:450:0000:000100% 2
Jonas SiegenthalerD0002200020:100:0000:5200% 0
Mackenzie EntwistleRW000000004:570:0000:0000% 0
Mitch MarnerRW123-1003019:190:5610:000100% 1
Nico HischierC123-1024219:190:5610:00071% 21
Nikolaj EhlersLW0110214021:061:5701:0600% 1
Oliver Ekman-LarssonD1122031021:300:5602:0700% 0
Rasmus SandinD011-2021316:090:5600:0000% 0
Roman Josi D101-2002223:171:5721:5100% 0
Ryan O'ReillyC/LW0000043022:061:5702:05039% 33
Tony DeAngeloD000-2020423:391:5702:1300% 0
Yegor SharangovichC/LW000000104:570:0000:00050% 6



Play-by-Play

1st period


0:01 of 1st period - Ryan O'Reilly wins face-off versus Tyler Johnson in neutral zone.
1:05 of 1st period - Shot by Clayton Keller.
1:05 of 1st period - Shot Hit the Post.
1:07 of 1st period - Shot by Oliver Ekman-Larsson.
1:07 of 1st period - Goal by Oliver Ekman-Larsson - COLUMBUS Blue Jackets : 0 - EDMONTON Oilers : 1.
1:08 of 1st period - Bo Horvat wins face-off versus Anthony Cirelli in neutral zone.
1:24 of 1st period - William Lagesson is hit by Dylan Strome and loses puck.
1:30 of 1st period - Carson Soucy is hit by Anthony Cirelli and loses puck.
1:39 of 1st period - Shot by Nino Niederreiter.
1:39 of 1st period - Shot Misses the Net.
1:41 of 1st period - Shot by Artturi Lehkonen.
1:41 of 1st period - Shot Misses the Net.
2:04 of 1st period - Yan Gourde is hit by Alexander Romanov and loses puck.
2:58 of 1st period - Icing by Will Borgen.
2:59 of 1st period - Ryan O'Reilly wins face-off versus Yan Gourde in COLUMBUS Blue Jackets zone.
3:17 of 1st period - Roman Josi is hit by John Marino and loses puck.
3:23 of 1st period - Icing by Dante Fabbro.
3:24 of 1st period - Colin Blackwell wins face-off versus Casey Cizikas in COLUMBUS Blue Jackets zone.
3:28 of 1st period - Off-side.
3:29 of 1st period - Pierre-luc Dubois wins face-off versus Nico Hischier in neutral zone.
4:05 of 1st period - Shot by Mitch Marner.
4:05 of 1st period - Shot Misses the Net.
4:29 of 1st period - Shot by Artturi Lehkonen.
4:29 of 1st period - Deflect By Nino Niederreiter.
4:29 of 1st period - Shot Misses the Net.
4:42 of 1st period - Minor Penalty to John Marino for High sticking.
4:43 of 1st period - Ryan O'Reilly wins face-off versus Pierre-luc Dubois in COLUMBUS Blue Jackets zone.
5:12 of 1st period - Shot by Tony DeAngelo.
5:12 of 1st period - Shot Misses the Net.
5:42 of 1st period - Shot by Clayton Keller.
5:42 of 1st period - Stopped by Vitek Vanecek without a rebound.
5:43 of 1st period - Nico Hischier wins face-off versus Tyler Johnson in COLUMBUS Blue Jackets zone.
5:50 of 1st period - Shot by Clayton Keller.
5:50 of 1st period - Shot Misses the Net.
5:56 of 1st period - Shot by Nico Hischier.
5:56 of 1st period - Stopped by Vitek Vanecek with a rebound.
5:58 of 1st period - Shot by Rasmus Sandin.
5:58 of 1st period - Shot Blocked by William Lagesson.
6:00 of 1st period - Shot by Mitch Marner.
6:00 of 1st period - Goal by Mitch Marner - COLUMBUS Blue Jackets : 0 - EDMONTON Oilers : 2.
6:01 of 1st period - Yegor Sharangovich wins face-off versus Colin Blackwell in neutral zone.
6:01 of 1st period - Yegor Sharangovich is hit by Nick Paul.
6:25 of 1st period - Tony DeAngelo is hit by Nick Paul and loses puck.
6:40 of 1st period - Shot by Nick Paul.
6:40 of 1st period - Shot Blocked by Tony DeAngelo.
7:43 of 1st period - Tyler Johnson is hit by Ryan O'Reilly and loses puck.
7:58 of 1st period - Shot by Clayton Keller.
7:58 of 1st period - Shot Misses the Net.
8:07 of 1st period - Icing by Jack Roslovic.
8:08 of 1st period - Pierre-luc Dubois wins face-off versus Anthony Cirelli in COLUMBUS Blue Jackets zone.
8:37 of 1st period - Shot by Anthony Cirelli.
8:37 of 1st period - Stopped by Vitek Vanecek without a rebound.
8:38 of 1st period - Nico Hischier wins face-off versus Yan Gourde in COLUMBUS Blue Jackets zone.
8:45 of 1st period - Shot by Clayton Keller.
8:45 of 1st period - Shot Misses the Net.
8:47 of 1st period - Shot by Clayton Keller.
8:47 of 1st period - Stopped by Vitek Vanecek without a rebound.
8:48 of 1st period - Ryan O'Reilly wins face-off versus Bo Horvat in COLUMBUS Blue Jackets zone.
8:48 of 1st period - Nikolaj Ehlers is hit by Carson Soucy and loses puck.
9:07 of 1st period - Shot by Ryan O'Reilly.
9:07 of 1st period - Shot Misses the Net.
9:09 of 1st period - Shot by Ryan O'Reilly.
9:09 of 1st period - Stopped by Vitek Vanecek without a rebound.
9:10 of 1st period - Nico Hischier wins face-off versus Sven Baertschi in COLUMBUS Blue Jackets zone.
9:25 of 1st period - Shot by Nico Hischier.
9:25 of 1st period - Shot Misses the Net.
10:21 of 1st period - Icing by Tony DeAngelo.
10:22 of 1st period - Ryan O'Reilly wins face-off versus Bo Horvat in EDMONTON Oilers zone.
10:28 of 1st period - Off-side.
10:29 of 1st period - Jack Quinn wins face-off versus Artturi Lehkonen in neutral zone.
11:12 of 1st period - Shot by Nino Niederreiter.
11:12 of 1st period - Stopped by Juuse Saros without a rebound.
11:13 of 1st period - Tyler Johnson wins face-off versus Ryan O'Reilly in EDMONTON Oilers zone.
11:28 of 1st period - Shot by Arthur Kaliyev.
11:28 of 1st period - Stopped by Vitek Vanecek without a rebound.
11:29 of 1st period - Colin Blackwell wins face-off versus Clayton Keller in COLUMBUS Blue Jackets zone.
11:33 of 1st period - Icing by Colin Blackwell.
11:34 of 1st period - Nico Hischier wins face-off versus Colin Blackwell in COLUMBUS Blue Jackets zone.
11:49 of 1st period - Shot by Rudolfs Balcers.
11:49 of 1st period - Stopped by Juuse Saros without a rebound.
11:50 of 1st period - Pierre-luc Dubois wins face-off versus Ryan O'Reilly in EDMONTON Oilers zone.
11:57 of 1st period - Shot by Jack Roslovic.
11:57 of 1st period - Stopped by Juuse Saros with a rebound.
12:19 of 1st period - John Marino is hit by Ryan O'Reilly and loses puck.
12:26 of 1st period - Oliver Ekman-Larsson is hit by Pierre-luc Dubois and loses puck.
12:57 of 1st period - Shot by Artturi Lehkonen.
12:57 of 1st period - Shot Blocked by Roman Josi .
12:59 of 1st period - Shot by Nino Niederreiter.
12:59 of 1st period - Shot Misses the Net.
13:01 of 1st period - Shot by Nino Niederreiter.
13:01 of 1st period - Deflect By Artturi Lehkonen.
13:01 of 1st period - Shot Misses the Net.
13:03 of 1st period - Shot by Nino Niederreiter.
13:03 of 1st period - Shot Misses the Net.
13:05 of 1st period - Shot by Nino Niederreiter.
13:05 of 1st period - Shot Hit the Post.
13:07 of 1st period - Shot by Artturi Lehkonen.
13:07 of 1st period - Goal by Artturi Lehkonen - COLUMBUS Blue Jackets : 1 - EDMONTON Oilers : 2.
13:08 of 1st period - Anthony Cirelli wins face-off versus Sven Baertschi in neutral zone.
13:49 of 1st period - Icing by Yan Gourde.
13:50 of 1st period - Nico Hischier wins face-off versus Yan Gourde in COLUMBUS Blue Jackets zone.
14:25 of 1st period - Shot by Tony DeAngelo.
14:25 of 1st period - Shot Misses the Net.
15:10 of 1st period - Icing by Oliver Ekman-Larsson.
15:11 of 1st period - Ryan O'Reilly wins face-off versus Bo Horvat in EDMONTON Oilers zone.
15:32 of 1st period - Shot by Nikolaj Ehlers.
15:32 of 1st period - Stopped by Vitek Vanecek without a rebound.
15:33 of 1st period - Anthony Cirelli wins face-off versus Pierre-luc Dubois in COLUMBUS Blue Jackets zone.
16:42 of 1st period - Rasmus Sandin is hit by Carson Soucy and loses puck.
17:01 of 1st period - Shot by Nico Hischier.
17:01 of 1st period - Stopped by Vitek Vanecek without a rebound.
17:02 of 1st period - Colin Blackwell wins face-off versus Ryan O'Reilly in COLUMBUS Blue Jackets zone.
18:17 of 1st period - Shot by Artturi Lehkonen.
18:17 of 1st period - Stopped by Juuse Saros without a rebound.
18:18 of 1st period - Pierre-luc Dubois wins face-off versus Yegor Sharangovich in EDMONTON Oilers zone.
18:18 of 1st period - John Marino is hit by Rasmus Sandin and loses puck.
18:29 of 1st period - Shot by Jack Roslovic.
18:29 of 1st period - Shot Misses the Net.
18:31 of 1st period - Shot by John Marino.
18:31 of 1st period - Stopped by Juuse Saros without a rebound.
18:32 of 1st period - Bo Horvat wins face-off versus Nico Hischier in EDMONTON Oilers zone.
18:35 of 1st period - Shot by William Lagesson.
18:35 of 1st period - Shot Blocked by Tony DeAngelo.
19:40 of 1st period - Shot by Pierre-luc Dubois.
19:40 of 1st period - Deflect By Tyler Johnson.
19:40 of 1st period - Stopped by Juuse Saros without a rebound.
19:41 of 1st period - Ryan O'Reilly wins face-off versus Yan Gourde in EDMONTON Oilers zone.
19:50 of 1st period - Off-side.
19:51 of 1st period - Yegor Sharangovich wins face-off versus Pierre-luc Dubois in neutral zone.
19:53 of 1st period - Jonas Siegenthaler is hit by John Marino and loses puck.
Goals for this period are 1 for COLUMBUS Blue Jackets vs 2 for EDMONTON Oilers .
Shots for this period are 7 for COLUMBUS Blue Jackets vs 10 for EDMONTON Oilers .

2nd period


0:01 of 2nd period - Pierre-luc Dubois wins face-off versus Ryan O'Reilly in neutral zone.
0:15 of 2nd period - Jack Roslovic is hit by Oliver Ekman-Larsson.
1:05 of 2nd period - Shot by Artturi Lehkonen.
1:05 of 2nd period - Shot Hit the Post.
1:13 of 2nd period - Shot by Bo Horvat.
1:13 of 2nd period - Stopped by Juuse Saros without a rebound.
1:14 of 2nd period - Nico Hischier wins face-off versus Yan Gourde in EDMONTON Oilers zone.
1:35 of 2nd period - Shot by Yan Gourde.
1:35 of 2nd period - Shot Misses the Net.
1:37 of 2nd period - Shot by Justin Danforth.
1:37 of 2nd period - Shot Misses the Net.
1:39 of 2nd period - Shot by Justin Danforth.
1:39 of 2nd period - Goal by Justin Danforth - COLUMBUS Blue Jackets : 2 - EDMONTON Oilers : 2.
1:40 of 2nd period - Bo Horvat wins face-off versus Anthony Cirelli in neutral zone.
1:43 of 2nd period - Rasmus Sandin is hit by Bo Horvat and loses puck.
2:02 of 2nd period - Icing by Alexander Romanov.
2:03 of 2nd period - Pierre-luc Dubois wins face-off versus Anthony Cirelli in EDMONTON Oilers zone.
2:06 of 2nd period - Shot by Tyler Johnson.
2:06 of 2nd period - Shot Misses the Net.
2:08 of 2nd period - Shot by Dante Fabbro.
2:08 of 2nd period - Stopped by Juuse Saros without a rebound.
2:09 of 2nd period - Pierre-luc Dubois wins face-off versus Nico Hischier in EDMONTON Oilers zone.
2:50 of 2nd period - Tyler Johnson is hit by Tony DeAngelo and loses puck.
3:25 of 2nd period - Shot by Nino Niederreiter.
3:25 of 2nd period - Shot Hit the Post.
3:37 of 2nd period - Shot by Arthur Kaliyev.
3:37 of 2nd period - Stopped by Vitek Vanecek with a rebound.
4:16 of 2nd period - Shot by Yegor Sharangovich.
4:16 of 2nd period - Shot Blocked by Carson Soucy.
4:18 of 2nd period - Shot by Casey Cizikas.
4:18 of 2nd period - Stopped by Vitek Vanecek without a rebound.
4:19 of 2nd period - Anthony Cirelli wins face-off versus Yan Gourde in COLUMBUS Blue Jackets zone.
5:26 of 2nd period - Shot by Pierre-luc Dubois.
5:26 of 2nd period - Shot Misses the Net.
5:28 of 2nd period - Shot by Tyler Johnson.
5:28 of 2nd period - Goal by Tyler Johnson - COLUMBUS Blue Jackets : 3 - EDMONTON Oilers : 2.
5:29 of 2nd period - Colin Blackwell wins face-off versus Ryan O'Reilly in neutral zone.
5:40 of 2nd period - Shot by Colin Blackwell.
5:40 of 2nd period - Deflect By Nick Paul.
5:40 of 2nd period - Shot Misses the Net.
6:10 of 2nd period - Shot by Rudolfs Balcers.
6:10 of 2nd period - Shot Misses the Net.
6:34 of 2nd period - Shot by Nico Hischier.
6:34 of 2nd period - Deflect By Clayton Keller.
6:34 of 2nd period - Shot Blocked by Carson Soucy.
6:40 of 2nd period - Shot by Rasmus Sandin.
6:40 of 2nd period - Stopped by Vitek Vanecek without a rebound.
6:41 of 2nd period - Bo Horvat wins face-off versus Yegor Sharangovich in COLUMBUS Blue Jackets zone.
7:08 of 2nd period - Shot by Artturi Lehkonen.
7:08 of 2nd period - Stopped by Juuse Saros with a rebound.
7:25 of 2nd period - Rasmus Sandin is hit by John Marino and loses puck.
8:13 of 2nd period - Shot by Jack Roslovic.
8:13 of 2nd period - Stopped by Juuse Saros without a rebound.
8:14 of 2nd period - Yan Gourde wins face-off versus Ryan O'Reilly in EDMONTON Oilers zone.
8:15 of 2nd period - Shot by Justin Danforth.
8:15 of 2nd period - Stopped by Juuse Saros without a rebound.
8:16 of 2nd period - Nico Hischier wins face-off versus Justin Danforth in EDMONTON Oilers zone.
8:34 of 2nd period - Icing by Tony DeAngelo.
8:35 of 2nd period - Nico Hischier wins face-off versus Pierre-luc Dubois in EDMONTON Oilers zone.
8:35 of 2nd period - Nico Hischier is hit by Tyler Johnson.
8:40 of 2nd period - Minor Penalty to Pierre-luc Dubois for Roughing.
8:41 of 2nd period - Jack Roslovic wins face-off versus Ryan O'Reilly in COLUMBUS Blue Jackets zone.
9:13 of 2nd period - Shot by Roman Josi .
9:13 of 2nd period - Stopped by Vitek Vanecek with a rebound.
9:57 of 2nd period - Shot by Clayton Keller.
9:57 of 2nd period - Stopped by Vitek Vanecek without a rebound.
9:58 of 2nd period - Mitch Marner wins face-off versus Colin Blackwell in COLUMBUS Blue Jackets zone.
10:01 of 2nd period - Shot by Clayton Keller.
10:01 of 2nd period - Goal by Clayton Keller - COLUMBUS Blue Jackets : 3 - EDMONTON Oilers : 3.
10:02 of 2nd period - Yan Gourde wins face-off versus Nico Hischier in neutral zone.
10:37 of 2nd period - Shot by Nico Hischier.
10:37 of 2nd period - Shot Misses the Net.
10:39 of 2nd period - Shot by Oliver Ekman-Larsson.
10:39 of 2nd period - Shot Misses the Net.
10:43 of 2nd period - Shot by Nico Hischier.
10:43 of 2nd period - Stopped by Vitek Vanecek without a rebound.
10:44 of 2nd period - Jack Quinn wins face-off versus Pierre-luc Dubois in COLUMBUS Blue Jackets zone.
10:45 of 2nd period - Shot by Dylan Strome.
10:45 of 2nd period - Stopped by Vitek Vanecek with a rebound.
11:11 of 2nd period - Shot by Carson Soucy.
11:11 of 2nd period - Shot Misses the Net.
11:13 of 2nd period - Shot by Pierre-luc Dubois.
11:13 of 2nd period - Shot Blocked by Alexander Romanov.
11:15 of 2nd period - Shot by William Lagesson.
11:15 of 2nd period - Shot Blocked by Rasmus Sandin.
11:17 of 2nd period - Shot by Jack Roslovic.
11:17 of 2nd period - Goal by Jack Roslovic - COLUMBUS Blue Jackets : 4 - EDMONTON Oilers : 3.
11:18 of 2nd period - Bo Horvat wins face-off versus Ryan O'Reilly in neutral zone.
11:23 of 2nd period - Shot by Nino Niederreiter.
11:23 of 2nd period - Shot Misses the Net.
11:25 of 2nd period - Shot by Will Borgen.
11:25 of 2nd period - Stopped by Juuse Saros without a rebound.
11:26 of 2nd period - Bo Horvat wins face-off versus Ryan O'Reilly in EDMONTON Oilers zone.
11:26 of 2nd period - Bo Horvat is hit by Tony DeAngelo.
11:56 of 2nd period - Shot by Nikolaj Ehlers.
11:56 of 2nd period - Deflect By Ryan O'Reilly.
11:56 of 2nd period - Stopped by Vitek Vanecek without a rebound.
11:57 of 2nd period - Nico Hischier wins face-off versus Jack Roslovic in COLUMBUS Blue Jackets zone.
12:20 of 2nd period - Pierre-luc Dubois is hit by Nico Hischier and loses puck.
12:27 of 2nd period - Shot by Clayton Keller.
12:27 of 2nd period - Shot Misses the Net.
12:33 of 2nd period - Shot by Clayton Keller.
12:33 of 2nd period - Deflect By Nico Hischier.
12:33 of 2nd period - Goal by Nico Hischier - COLUMBUS Blue Jackets : 4 - EDMONTON Oilers : 4.
12:34 of 2nd period - Bo Horvat wins face-off versus Ryan O'Reilly in neutral zone.
12:37 of 2nd period - Tony DeAngelo is hit by Artturi Lehkonen and loses puck.
12:43 of 2nd period - Tony DeAngelo is hit by John Marino and loses puck.
12:47 of 2nd period - Minor Penalty to Dante Fabbro for Slashing.
12:48 of 2nd period - Ryan O'Reilly wins face-off versus Pierre-luc Dubois in COLUMBUS Blue Jackets zone.
13:01 of 2nd period - Shot by Roman Josi .
13:01 of 2nd period - Goal by Roman Josi - COLUMBUS Blue Jackets : 4 - EDMONTON Oilers : 5.
13:02 of 2nd period - Yan Gourde wins face-off versus Nico Hischier in neutral zone.
13:07 of 2nd period - Shot by William Lagesson.
13:07 of 2nd period - Stopped by Juuse Saros without a rebound.
13:08 of 2nd period - Bo Horvat wins face-off versus Ryan O'Reilly in EDMONTON Oilers zone.
13:11 of 2nd period - Shot by Artturi Lehkonen.
13:11 of 2nd period - Shot Blocked by Roman Josi .
13:15 of 2nd period - Shot by Bo Horvat.
13:15 of 2nd period - Stopped by Juuse Saros without a rebound.
13:16 of 2nd period - Ryan O'Reilly wins face-off versus Pierre-luc Dubois in EDMONTON Oilers zone.
13:16 of 2nd period - Ryan O'Reilly is hit by Pierre-luc Dubois.
13:21 of 2nd period - Oliver Ekman-Larsson is hit by Tyler Johnson and loses puck.
13:28 of 2nd period - Shot by Nikolaj Ehlers.
13:28 of 2nd period - Shot Misses the Net.
13:30 of 2nd period - Shot by Nikolaj Ehlers.
13:30 of 2nd period - Stopped by Vitek Vanecek without a rebound.
13:31 of 2nd period - Nico Hischier wins face-off versus Colin Blackwell in COLUMBUS Blue Jackets zone.
13:57 of 2nd period - Shot by Clayton Keller.
13:57 of 2nd period - Stopped by Vitek Vanecek without a rebound.
13:58 of 2nd period - Pierre-luc Dubois wins face-off versus Ryan O'Reilly in COLUMBUS Blue Jackets zone.
14:03 of 2nd period - Ryan O'Reilly is hit by Pierre-luc Dubois and loses puck.
14:22 of 2nd period - Shot by John Marino.
14:22 of 2nd period - Shot Misses the Net.
15:01 of 2nd period - Mitch Marner is hit by Carson Soucy and loses puck.
15:28 of 2nd period - Shot by Nino Niederreiter.
15:28 of 2nd period - Stopped by Juuse Saros with a rebound.
15:32 of 2nd period - Shot by Bo Horvat.
15:32 of 2nd period - Stopped by Juuse Saros with a rebound.
15:34 of 2nd period - Shot by Artturi Lehkonen.
15:34 of 2nd period - Stopped by Juuse Saros without a rebound.
15:35 of 2nd period - Anthony Cirelli wins face-off versus Yan Gourde in EDMONTON Oilers zone.
15:42 of 2nd period - Shot by Dylan Strome.
15:42 of 2nd period - Stopped by Vitek Vanecek without a rebound.
15:43 of 2nd period - Yan Gourde wins face-off versus Anthony Cirelli in COLUMBUS Blue Jackets zone.
15:50 of 2nd period - Shot by Jack Quinn.
15:50 of 2nd period - Shot Blocked by Will Borgen.
15:53 of 2nd period - Anthony Cirelli is hit by Will Borgen and loses puck.
16:02 of 2nd period - Yan Gourde is hit by Anthony Cirelli and loses puck.
16:39 of 2nd period - Dylan Strome is hit by Justin Danforth.
16:50 of 2nd period - Icing by Will Borgen.
16:51 of 2nd period - Yan Gourde wins face-off versus Ryan O'Reilly in COLUMBUS Blue Jackets zone.
16:51 of 2nd period - Yan Gourde is hit by Arthur Kaliyev.
17:09 of 2nd period - John Marino is hit by Arthur Kaliyev and loses puck.
17:15 of 2nd period - Minor Penalty to Jonas Siegenthaler for Close Hand On Puck.
17:16 of 2nd period - Ryan O'Reilly wins face-off versus Bo Horvat in EDMONTON Oilers zone.
17:44 of 2nd period - Artturi Lehkonen is hit by Oliver Ekman-Larsson and loses puck.
17:48 of 2nd period - Bo Horvat is hit by Oliver Ekman-Larsson.
17:56 of 2nd period - Shot by Carson Soucy.
17:56 of 2nd period - Stopped by Juuse Saros with a rebound.
18:16 of 2nd period - Shot by John Marino.
18:16 of 2nd period - Shot Hit the Post.
18:18 of 2nd period - Shot by Dante Fabbro.
18:18 of 2nd period - Deflect By Pierre-luc Dubois.
18:18 of 2nd period - Shot Misses the Net.
18:20 of 2nd period - Shot by Pierre-luc Dubois.
18:20 of 2nd period - Shot Misses the Net.
18:22 of 2nd period - Shot by Pierre-luc Dubois.
18:22 of 2nd period - Shot Misses the Net.
18:24 of 2nd period - Shot by Dante Fabbro.
18:24 of 2nd period - Stopped by Juuse Saros without a rebound.
18:25 of 2nd period - Ryan O'Reilly wins face-off versus Pierre-luc Dubois in EDMONTON Oilers zone.
19:32 of 2nd period - Shot by Sven Baertschi.
19:32 of 2nd period - Shot Blocked by Nico Hischier.
19:34 of 2nd period - Shot by Sven Baertschi.
19:34 of 2nd period - Shot Misses the Net.
19:36 of 2nd period - Shot by Yan Gourde.
19:36 of 2nd period - Shot Blocked by Nico Hischier.
19:38 of 2nd period - Shot by Sven Baertschi.
19:38 of 2nd period - Shot Blocked by Rasmus Sandin.
19:40 of 2nd period - Shot by Will Borgen.
19:40 of 2nd period - Shot Blocked by Rasmus Sandin.
Goals for this period are 3 for COLUMBUS Blue Jackets vs 3 for EDMONTON Oilers .
Shots for this period are 16 for COLUMBUS Blue Jackets vs 14 for EDMONTON Oilers .

3rd period


0:01 of 3rd period - Tyler Johnson wins face-off versus Nikolaj Ehlers in neutral zone.
0:06 of 3rd period - Shot by Pierre-luc Dubois.
0:06 of 3rd period - Stopped by Juuse Saros without a rebound.
0:07 of 3rd period - Pierre-luc Dubois wins face-off versus Ryan O'Reilly in EDMONTON Oilers zone.
0:29 of 3rd period - John Marino is hit by Arthur Kaliyev and loses puck.
0:38 of 3rd period - Shot by Jack Roslovic.
0:38 of 3rd period - Shot Blocked by Tony DeAngelo.
0:45 of 3rd period - Icing by Arthur Kaliyev.
0:46 of 3rd period - Ryan O'Reilly wins face-off versus Bo Horvat in EDMONTON Oilers zone.
0:46 of 3rd period - Ryan O'Reilly is hit by Bo Horvat.
0:51 of 3rd period - Nikolaj Ehlers is hit by Nino Niederreiter and loses puck.
1:18 of 3rd period - Shot by Bo Horvat.
1:18 of 3rd period - Deflect By Artturi Lehkonen.
1:18 of 3rd period - Stopped by Juuse Saros without a rebound.
1:19 of 3rd period - Colin Blackwell wins face-off versus Nico Hischier in EDMONTON Oilers zone.
1:28 of 3rd period - Shot by Rudolfs Balcers.
1:28 of 3rd period - Shot Misses the Net.
1:38 of 3rd period - Clayton Keller is hit by Nick Paul.
2:15 of 3rd period - Rudolfs Balcers is hit by Alexander Romanov and loses puck.
2:25 of 3rd period - Jack Quinn is hit by Pierre-luc Dubois and loses puck.
2:55 of 3rd period - Tyler Johnson is hit by Alexander Romanov and loses puck.
3:09 of 3rd period - Anthony Cirelli is hit by Pierre-luc Dubois and loses puck.
4:32 of 3rd period - Yan Gourde is hit by Ryan O'Reilly and loses puck.
4:40 of 3rd period - Icing by Jordan Gross.
4:41 of 3rd period - Nico Hischier wins face-off versus Yan Gourde in COLUMBUS Blue Jackets zone.
5:28 of 3rd period - Nico Hischier is hit by Yan Gourde and loses puck.
5:56 of 3rd period - Pierre-luc Dubois is hit by Nico Hischier and loses puck.
6:59 of 3rd period - Shot by Artturi Lehkonen.
6:59 of 3rd period - Stopped by Juuse Saros without a rebound.
7:00 of 3rd period - Colin Blackwell wins face-off versus Ryan O'Reilly in EDMONTON Oilers zone.
7:05 of 3rd period - Shot by Colin Blackwell.
7:05 of 3rd period - Stopped by Juuse Saros with a rebound.
7:13 of 3rd period - Shot by Colin Blackwell.
7:13 of 3rd period - Shot Misses the Net.
7:15 of 3rd period - Shot by Colin Blackwell.
7:15 of 3rd period - Stopped by Juuse Saros with a rebound.
7:31 of 3rd period - Shot by Colin Blackwell.
7:31 of 3rd period - Stopped by Juuse Saros without a rebound.
7:32 of 3rd period - Bo Horvat wins face-off versus Anthony Cirelli in EDMONTON Oilers zone.
7:43 of 3rd period - Shot by Nino Niederreiter.
7:43 of 3rd period - Stopped by Juuse Saros without a rebound.
7:44 of 3rd period - Nico Hischier wins face-off versus Pierre-luc Dubois in EDMONTON Oilers zone.
7:48 of 3rd period - Tony DeAngelo is hit by Jack Roslovic and loses puck.
7:59 of 3rd period - Shot by Jack Roslovic.
7:59 of 3rd period - Shot Blocked by Tony DeAngelo.
8:01 of 3rd period - Shot by Dante Fabbro.
8:01 of 3rd period - Shot Misses the Net.
8:52 of 3rd period - Icing by Jordan Gross.
8:53 of 3rd period - Arthur Kaliyev wins face-off versus Bo Horvat in COLUMBUS Blue Jackets zone.
9:28 of 3rd period - Shot by Ryan O'Reilly.
9:28 of 3rd period - Stopped by Vitek Vanecek without a rebound.
9:29 of 3rd period - Yan Gourde wins face-off versus Anthony Cirelli in COLUMBUS Blue Jackets zone.
9:29 of 3rd period - William Lagesson is hit by Anthony Cirelli and loses puck.
9:35 of 3rd period - Jack Quinn is hit by Carson Soucy and loses puck.
9:54 of 3rd period - Justin Danforth is hit by Jack Quinn and loses puck.
10:00 of 3rd period - Anthony Cirelli is hit by William Lagesson and loses puck.
10:12 of 3rd period - Icing by Sven Baertschi.
10:13 of 3rd period - Yan Gourde wins face-off versus Arthur Kaliyev in COLUMBUS Blue Jackets zone.
10:13 of 3rd period - Yan Gourde is hit by Ryan O'Reilly.
10:28 of 3rd period - Ryan O'Reilly is hit by Carson Soucy and loses puck.
10:34 of 3rd period - Arthur Kaliyev is hit by Carson Soucy and loses puck.
10:45 of 3rd period - Minor Penalty to Nikolaj Ehlers for Boarding.
10:46 of 3rd period - Anthony Cirelli wins face-off versus Pierre-luc Dubois in EDMONTON Oilers zone.
10:46 of 3rd period - Anthony Cirelli is hit by Tyler Johnson.
11:35 of 3rd period - Icing by Pierre-luc Dubois.
11:36 of 3rd period - Pierre-luc Dubois wins face-off versus Ryan O'Reilly in COLUMBUS Blue Jackets zone.
11:36 of 3rd period - Pierre-luc Dubois is hit by Clayton Keller.
12:07 of 3rd period - Shot by Carson Soucy.
12:07 of 3rd period - Shot Misses the Net.
12:34 of 3rd period - Icing by John Marino.
12:35 of 3rd period - Tyler Johnson wins face-off versus Anthony Cirelli in COLUMBUS Blue Jackets zone.
12:46 of 3rd period - Shot by Yan Gourde.
12:46 of 3rd period - Stopped by Juuse Saros without a rebound.
12:47 of 3rd period - Yan Gourde wins face-off versus Yegor Sharangovich in EDMONTON Oilers zone.
12:57 of 3rd period - Yan Gourde is hit by Rasmus Sandin and loses puck.
13:17 of 3rd period - Icing by Alexander Romanov.
13:18 of 3rd period - Yegor Sharangovich wins face-off versus Bo Horvat in EDMONTON Oilers zone.
13:33 of 3rd period - Shot by Yegor Sharangovich.
13:33 of 3rd period - Shot Misses the Net.
13:35 of 3rd period - Shot by Yegor Sharangovich.
13:35 of 3rd period - Stopped by Vitek Vanecek with a rebound.
14:25 of 3rd period - Shot by Mitch Marner.
14:25 of 3rd period - Stopped by Vitek Vanecek without a rebound.
14:26 of 3rd period - Pierre-luc Dubois wins face-off versus Ryan O'Reilly in COLUMBUS Blue Jackets zone.
14:28 of 3rd period - Icing by Jack Roslovic.
14:29 of 3rd period - Pierre-luc Dubois wins face-off versus Ryan O'Reilly in COLUMBUS Blue Jackets zone.
14:29 of 3rd period - Tyler Johnson is hit by Arthur Kaliyev and loses puck.
15:05 of 3rd period - Shot by Pierre-luc Dubois.
15:05 of 3rd period - Deflect By Tyler Johnson.
15:05 of 3rd period - Stopped by Juuse Saros without a rebound.
15:06 of 3rd period - Nico Hischier wins face-off versus Colin Blackwell in EDMONTON Oilers zone.
15:11 of 3rd period - Shot by Nico Hischier.
15:11 of 3rd period - Shot Misses the Net.
15:23 of 3rd period - Shot by Clayton Keller.
15:23 of 3rd period - Stopped by Vitek Vanecek with a rebound.
15:25 of 3rd period - Shot by Mitch Marner.
15:25 of 3rd period - Shot Blocked by Jordan Gross.
15:31 of 3rd period - Shot by Mitch Marner.
15:31 of 3rd period - Stopped by Vitek Vanecek without a rebound.
15:32 of 3rd period - Anthony Cirelli wins face-off versus Bo Horvat in COLUMBUS Blue Jackets zone.
15:37 of 3rd period - Shot by Jack Quinn.
15:37 of 3rd period - Shot Blocked by Dante Fabbro.
15:49 of 3rd period - Shot by Dylan Strome.
15:49 of 3rd period - Stopped by Vitek Vanecek without a rebound.
15:50 of 3rd period - Nico Hischier wins face-off versus Pierre-luc Dubois in COLUMBUS Blue Jackets zone.
16:24 of 3rd period - Icing by William Lagesson.
16:25 of 3rd period - Pierre-luc Dubois wins face-off versus Ryan O'Reilly in COLUMBUS Blue Jackets zone.
16:29 of 3rd period - Icing by Pierre-luc Dubois.
16:30 of 3rd period - Ryan O'Reilly wins face-off versus Pierre-luc Dubois in COLUMBUS Blue Jackets zone.
16:41 of 3rd period - Shot by Nikolaj Ehlers.
16:41 of 3rd period - Stopped by Vitek Vanecek without a rebound.
16:42 of 3rd period - Nico Hischier wins face-off versus Bo Horvat in COLUMBUS Blue Jackets zone.
17:26 of 3rd period - Icing by John Marino.
17:27 of 3rd period - Bo Horvat wins face-off versus Ryan O'Reilly in COLUMBUS Blue Jackets zone.
17:27 of 3rd period - Bo Horvat is hit by Nikolaj Ehlers.
17:39 of 3rd period - Shot by Nikolaj Ehlers.
17:39 of 3rd period - Stopped by Vitek Vanecek without a rebound.
17:40 of 3rd period - Pierre-luc Dubois wins face-off versus Anthony Cirelli in COLUMBUS Blue Jackets zone.
17:51 of 3rd period - Shot by Jack Roslovic.
17:51 of 3rd period - Shot Misses the Net.
18:48 of 3rd period - Dylan Strome is hit by Nick Paul and loses puck.
19:24 of 3rd period - COLUMBUS Blue Jackets , Vitek Vanecek is pulled from the net.
Goals for this period are 0 for COLUMBUS Blue Jackets vs 0 for EDMONTON Oilers .
Shots for this period are 9 for COLUMBUS Blue Jackets vs 8 for EDMONTON Oilers .